 Dungeon Crawl Stone Soup version 0.32-a0-119-g2e8054a333 (webtiles) character file.

Game seed: 7902105812493933140

94 Dirtsage the Changeling (level 4, 0/29 HPs)
             Began as an Octopode Shapeshifter on Feb 7, 2024.
             Slain by a gnoll
             ... wielding a +0 halberd
              (13 damage)
             ... on level 2 of the Dungeon.
             The game lasted 00:04:49 (2368 turns).

Dirtsage the Changeling (Octopode Shapeshifter)     Turns: 2368, Time: 00:04:50

Health: 0/29       AC:  1    Str: 13    XL:     4   Next: 63%
Magic:  4/4        EV: 13    Int: 12    God:
Gold:   194        SH:  0    Dex: 13    Spells: 3/3 levels left

rFire   . .          .
                       - Unarmed
rCold   . . .        (no shield)
rNeg    . . .        (helmet currently unavailable)
rPois   .            (no amulet)
rElec   .            (no ring)
rCorr   .            (no ring)
SInv    .            (no ring)
Will    .....        (no ring)
Stlth   ++           (no ring)
HPRegen 0.24/turn    (no ring)
MPRegen 0.09/turn    (no ring)
                     (no ring)

%: no passive effects
@: beast-form
A: beast (slay +2), almost no armour, amphibious, 8 rings, camouflage 1,
gelatinous body 1, (nimble swimmer 1), tentacles
a: Begin Untransformation


You were on level 2 of the Dungeon.
You were a hulking beast.
You visited 1 branch of the dungeon, and saw 4 of its levels.

You collected 194 gold pieces.

Inventory:

Magical Staves
 d - a staff of death
Talismans
 b - a beast talisman
 c - a flux talisman
Scrolls
 g - a scroll of enchant weapon {unknown}
 i - a scroll of identify
 t - a scroll of teleportation
Potions
 a - a potion of lignification
 e - a potion of enlightenment {unknown}
 f - 2 potions of mutation {unknown}
 h - a potion of attraction
 j - a potion of brilliance
 k - a potion of curing {unknown}
 l - a potion of heal wounds


   Skills:
 + Level 2.0 Fighting
 + Level 2.7 Dodging
 + Level 3.5 Unarmed Combat
 * Level 3.8 Shapeshifting


You had 3 spell levels left.
You didn't know any spells.
Your spell library contained the following spells:

 Spells                   Type           Power      Damage    Failure   Level
 Ensorcelled Hibernation  Hex/Ice        0%         N/A       45%         2
 Passwall                 Erth           0%         N/A       69%         3
 Swiftness                Air            0%         N/A       69%         3


Dungeon Overview and Level Annotations

Branches:
Dungeon (4/15)
 Temple: D:4-7

Altars:
Okawaru
Uskayaw

Annotations:
D:1 wall vault
D:2 exclusion: 2 gnolls


Innate Abilities, Weirdness & Mutations

You are a hulking beast.
Your limbs bulge with bestial killing power. (Slay +2)
You cannot wear most types of armour.
You are amphibious.
You can wear up to eight rings at the same time.
Your skin changes colour to match your surroundings (Stealth+).
Your rubbery body absorbs attacks. (AC +1, EV +1)
((You are camouflaged when in or above water. (Stealth+)))
You have tentacles for arms and can constrict up to eight enemies at once.


Message History

Done exploring.
There is a stone staircase leading down here.
You climb downwards.
There is a stone staircase leading up here.
Found a stone staircase leading down.
A phantom comes into view.
There is a stone staircase leading up here.
You climb upwards.
There is a stone staircase leading down here.
There is a stone staircase leading up here.
You climb upwards.
Level annotation: exclusion: 2 gnolls
There is a stone staircase leading down here.
There is a stone staircase leading down here.
You open the door.
A kobold comes into view. It is wielding a +0 short sword.
The kobold shouts!
The gnoll shouts!
You tentacle-slap the kobold. Your grab misses the kobold.
The kobold is severely wounded.
The kobold closely misses you.
You tentacle-slap the kobold.
You kill the kobold!
The gnoll misses you. The gnoll closely misses you.
You see here a +0 short sword.
You tentacle-slap the gnoll but do no damage.
You grab the gnoll.
You constrict the gnoll, but do no damage.
The gnoll hits you with a +0 halberd.
You take 3 damage, and have 26/29 hp.
You tentacle-slap the gnoll.
The gnoll is moderately wounded.
You constrict the gnoll. The gnoll hits you with a +0 halberd!
You take 13 damage, and have 13/29 hp.
MASSIVE DAMAGE!!
You tentacle-slap the gnoll.
You tentacle-slap the gnoll, but do no damage.
You squeeze the gnoll, but do no damage.
The gnoll is severely wounded.
You constrict the gnoll. The gnoll hits you with a +0 halberd!
You die...

...# #.##.##.#
##.# #.##.##.#
.# #.##.##.# .#
#+ #.##.##.#
##.# ...
#.......# ...#
.... ####.####
#### .....
##.##.# ####
...[..####...#.#
...+
......'.gh.....#
####
......####.....#
# ..... ##.####
# .... #.# # ...
#.# # #' #.# # #
#.# # #.# #.#


You could see a gnoll.

Vanquished Creatures
  A hound (D:3)
  A gnoll (D:2)
  An adder (D:2)
  A dart slug (D:1)
  4 endoplasms
  A giant cockroach (D:3)
  5 goblins
  4 hobgoblins
  2 jackals (D:3)
  A quokka (D:3)
  4 ball pythons
  3 bats (D:3)
  5 frilled lizards
  7 kobolds
  5 rats
45 creatures vanquished.

Notes
Turn   | Place    | Note
-------+----------+-------------------------------------------
     0 | D:1      | Dirtsage the Octopode Shapeshifter began the quest for the
                  | Orb.
     0 | D:1      | Reached XP level 1. HP: 13/13 MP: 1/1
   139 | D:1      | Reached XP level 2. HP: 14/18 MP: 2/2
   880 | D:2      | Reached XP level 3. HP: 16/23 MP: 3/3
  1181 | D:2      | Found a hide-covered altar of Uskayaw.
  1628 | D:3      | Reached XP level 4. HP: 26/29 MP: 4/4
  1858 | D:3      | Found an iron altar of Okawaru.
  2084 | D:3      | Found a faded altar of an unknown god.
  2301 | D:4      | Noticed a phantom
  2355 | D:2      | Identified the +2 ring mail of Ravioli {rElec rC+}
  2368 | D:2      | Slain by a gnoll

Illustrated notes

Levels and vault maps discovered:
D:1:      shiori_arrival_oz, layout_basic, due_unseen_surprise
D:2:      layout_loops_corners, basic_altar
D:3:      layout_basic, mainiacjoe_overflow_paths,
          ebering_ecumenical_altar_petrified
D:4:      kennysheep_spiral_hall, layout_basic, minmay_temple_entry_hall

Skill      XL: |  1  2  3  4 |
---------------+-------------+-----
Fighting       | 2 |  2.0
Dodging        | |  2.7
Unarmed Combat | |  3.5
Shapeshifting  | |  3.8

Action                     |  1- 3 |  4- 6 || total
---------------------------+-------+-------++-------
  Melee: Unarmed           |    66 |    15 ||    81
         Constrict         |    17 |     4 ||    21
         Tentacles         |    10 |     6 ||    16
         Punch             |     3 |     1 ||     4
    Use: Scroll            |     5 |       ||     5
   Stab: Sleeping          |     9 |     4 ||    13
 Armour: Skin              |    25 |     7 ||    32
  Dodge: Dodged            |    33 |     5 ||    38

Table legend: (Time is in decaauts)
 A = Elapsed time spent in this place.
 B = Non-inter-level travel time spent in this place.
 C = Inter-level travel time spent in this place.
 D = Time resting spent in this place.
 E = Time spent auto-exploring this place.
 F = Levels seen in this place.
 G = Mean time per level.
                   A        B        C        D        E       F      G
               +--------+--------+--------+--------+--------+-----+--------+
         Total |   2362 |   2302 |     60 |      0 |   2002 |   4 |  590.5 |
       Dungeon |   2362 |   2302 |     60 |      0 |   2002 |   4 |  590.5 |
               +--------+--------+--------+--------+--------+-----+--------+

Top non-repeatable levels by time:
     D:3: 1009 daAuts
     D:1: 843 daAuts
     D:2: 494 daAuts
     D:4: 14 daAuts
